 Dungeon Crawl Stone Soup version 0.22.1-2-g9c5b331383 (webtiles) character file.

45 Gargoyl the Skirmisher (level 3, 0/29 HPs)
             Began as a Centaur Abyssal Knight on Jan 6, 2019.
             Was a Follower of Lugonu.
             Slain by a gnoll
             ... wielding a +0 whip of venom
              (3 damage)
             ... on level 2 of the Dungeon.
             The game lasted 00:01:33 (1497 turns).

Gargoyl the Skirmisher (Centaur Abyssal Knight)     Turns: 1497, Time: 00:01:34

Health: 0/29       AC:  4    Str: 19    XL:     3   Next: 42%
Magic:  4/4        EV:  9    Int: 13    God:    Lugonu [*.....]
Gold:   33         SH:  0    Dex: 11    Spells: 2/2 levels left

rFire    . . .     SeeInvis .   a - +1 hand axe
rCold    . . .     Gourm    .   (no shield)
rNeg     . . .     Faith    .   b - +0 leather armour
rPois    .         Spirit   .   (no helmet)
rElec    .         Reflect  .   (no cloak)
rCorr    .         Harm     .   (no gloves)
MR       .....                  (no barding)
Stlth    ..........             (no amulet)
HPRegen  0.09/turn              (no ring)
MPRegen  0.09/turn              (no ring)

@: confused, mighty, lethally poisoned (0 -> -43), very quick
A: large, hooves 3, agile 1, clever 1, deformed body, speed 2, frail 1, tough
skin 3
a: Depart the Abyss, Renounce Religion


You were on level 2 of the Dungeon.
You worshipped Lugonu.
Lugonu was aware of your devotion.
You were not hungry.

You visited 1 branch of the dungeon, and saw 2 of its levels.
You visited the Abyss 1 time.

You collected 33 gold pieces.

Inventory:

Hand Weapons
 a - a +1 hand axe (weapon)
Armour
 b - a +0 leather armour (worn)
Scrolls
 f - a scroll of fog {unknown}
 g - a scroll of enchant armour {unknown}
 h - 2 scrolls of remove curse {unknown}
Comestibles
 c - a ration
 i - 2 chunks of flesh


   Skills:
 + Level 3.7 Fighting
 + Level 2.2 Axes
 * Level 1.7 Armour
 + Level 0.6 Dodging
 * Level 2.4 Invocations


You had 2 spell levels left.
You didn't know any spells.
Your spell library was empty.

Dungeon Overview and Level Annotations

Branches:
Dungeon (2/15)

Altars:


Innate Abilities, Weirdness & Mutations

You have hooves in place of feet.
Armour fits poorly on your strangely shaped body.
You cover ground very quickly.
You have extremely tough skin. (AC +3)
You are agile. (Dex +2)
Your mind is acute. (Int +2)
You are frail. (-10% HP)


Message History

Your leather armour prevents you from hitting the gnoll.
You feel sick. The gnoll hits you but does no damage.
The gnoll hits you with a whip of venom.
You are more poisoned.
Unknown command.
You're too confused to move!
You feel very sick.
The gnoll hits you with an enchanted halberd.
The gnoll hits you with a whip of venom.
* * * LOW HITPOINT WARNING * * *
You are more poisoned.
Unknown command.
You slash the gnoll! Your kick misses the gnoll.
The gnoll is heavily wounded.
You hit the gnoll.
* * * LOW HITPOINT WARNING * * *
You feel very sick. The gnoll barely misses you.
The gnoll hits you with a whip of venom.
You die...

..#.######
.g.......#
..g#####.##
###...####.#
#...#gg@g..#
#.#...####.#
#.##.##
######


You could see 2 gnolls and a goblin.

Vanquished Creatures
  2 gnolls (D:1)
  A leopard gecko (D:1)
  5 goblins (D:1)
  2 hobgoblins (D:1)
  2 bats (D:1)
  A frilled lizard (D:1)
  8 kobolds (D:1)
  4 rats (D:1)
25 creatures vanquished.

Notes
Turn   | Place    | Note
-------+----------+-------------------------------------------
     0 | Abyss:1  | Gargoyl the Centaur Abyssal Knight began the quest for the
                  | Orb.
     0 | Abyss:1  | Reached XP level 1. HP: 19/19 MP: 2/2
    27 | Abyss:1  | Noticed a chaos spawn
    40 | Abyss:1  | Gained mutation: You are frail. (-10% HP) [potion of
                  | mutation]
    40 | Abyss:1  | Gained mutation: Your mind is acute. (Int +2) [potion of
                  | mutation]
    40 | Abyss:1  | Gained mutation: You are agile. (Dex +2) [potion of
                  | mutation]
    50 | Abyss:1  | Noticed a sixfirhy
    54 | D:1      | Escaped the Abyss
    81 | D:1      | Reached * piety under Lugonu
   422 | D:1      | Reached XP level 2. HP: 18/23 MP: 3/3
  1393 | D:1      | Reached XP level 3. HP: 29/29 MP: 4/4
  1497 | D:2      | Slain by a gnoll

Skill      XL: |  1  2 |
---------------+-------+-----
Axes           | 2 |  2.2
Fighting       | |  3.7
Armour         | |  1.7
Dodging        | |  0.6
Invocations    | |  2.4

Action                   || total
-------------------------++-------
Melee: Hand axe          ||    60
       Kick              ||     8
Invok: Depart the Abyss  ||     1
  Use: Potion            ||     3
  Eat: Chunk             ||     1
Armor: Leather armour    ||    23
Dodge: Dodged            ||    40
